 Dungeon Sprint DCSS version 0.27-a0-538-g15ff5c5295 (webtiles) character file.

Game seed: 9512655128472538318

645 mhtbhm the Fighter (level 7, -8/78 HPs)
             Began as a Kobold Berserker on Mar 6, 2021.
             Was an Elder of Trog.
             Mangled by a human
             ... wielding a +0 dagger
              (9 damage)
             ... in the Dungeon (Sprint III: "The Ten Rune Challenge").
             The game lasted 00:01:42 (1224 turns).

mhtbhm the Fighter (Kobold Berserker)               Turns: 1224, Time: 00:01:43

Health: -8/78      AC:  3    Str: 16    XL:     7   Next: 82%
Magic:  7/7        EV: 18    Int:  8    God:    Trog [****..]
Gold:   25         SH:  0    Dex: 15    Spells: 6/6 levels left

rFire    . . .     SeeInvis .   a - +4 quarterstaff (chaos)
rCold    . . .     Faith    .   (shield currently unavailable)
rNeg     . . .     Spirit   .   b - +0 animal skin
rPois    .         Reflect  .   (no helmet)
rElec    .         Harm     .   k - +0 cloak
rCorr    .         Rampage  .   (no gloves)
Will     .....     NoTele   +   (no boots)
Stlth    ..........             (no amulet)
HPRegen  0.23/turn              (no ring)
MPRegen  0.10/turn              (no ring)

@: berserking (expiring), very quick
A: small, nightstalker 3
a: Renounce Religion, Berserk, Trog's Hand, Brothers in Arms


You were in the Dungeon.
You worshipped Trog.
Trog was greatly pleased with you.
You visited 1 branch You collected 25 gold pieces.

Inventory:

Hand Weapons
 a - a +4 quarterstaff of chaos (weapon)
Armour
 b - a +0 animal skin (worn)
 k - a +0 cloak (worn)
Scrolls
 h - a scroll of blinking
 i - 5 scrolls of identify
 l - a scroll of immolation {unknown}
 n - a scroll of torment {unknown}
Potions
 c - a potion of curing
 d - 2 potions of heal wounds
 e - a potion of haste
 f - 2 potions of magic
 g - a potion of berserk rage
 j - 7 potions of mutation
 m - 2 potions of flight {unknown}


   Skills:
 + Level 10.1 Fighting
 + Level 8.9(9.4) Maces & Flails
 + Level 4.5(7.3) Staves
 + Level 3.5 Armour
 + Level 7.6 Dodging
 + Level 4.7 Stealth


You had 6 spell levels left.
You didn't know any spells.
Your spell library was empty.

Dungeon Overview and Level Annotations

Branches:
Dungeon (1/1)

Altars:
Elyvilon
Kikubaaqudgha
Okawaru
Sif Muna
Trog
Uskayaw
Vehumet
Wu Jian
Zin
The Shining One
Beogh


Innate Abilities, Weirdness & Mutations

You are small and have problems with some larger weapons.
You are completely attuned to the shadows.


Message History

You barely miss the human. You sock the human!
The human looks as sick as possible!
The human is almost dead.
The human hits you with a +0 dagger!
You are too injured to fight recklessly!
You are too injured to fight recklessly!
You are too injured to fight recklessly!
You are too injured to fight recklessly!
You are too injured to fight recklessly!
You are too injured to fight recklessly!
You are too injured to fight recklessly!
You are too injured to fight recklessly!
You are too injured to fight recklessly!
You are too injured to fight recklessly!
Unknown command.
You closely miss the human. The human misses you. The human barely misses you.
You barely miss the human. The human hits you but does no damage.
The human closely misses you.
Unknown command.
You hit the human.
The human seems to speed up.
The human is lightly wounded.
The human closely misses you.
You thump the human!
The human is moderately wounded.
The human hits you with a +0 dagger!
* * * LOW HITPOINT WARNING * * *
The human hits you.
* * * LOW HITPOINT WARNING * * *
Unknown command.
You thump the human!
The human is severely wounded.
The human hits you with a +0 dagger!
* * * LOW HITPOINT WARNING * * *
The human barely misses you.
You miss the human.
The human is heavily wounded.
You kill the human!
Trog accepts your kill. The human hits you with a +0 dagger!
You die...

▓▓ .#### #########
)...#####..#___#___#
.....#..#..#.).#p_.#
##...#..#..###'#@###+#
###..##'#..#..........
.##..###...'.⌠........
##.†####...#...######+
##..###....#.⌠.#
#...##.....#...#
....#.)....#)###
..##.#.....#.).# ..
####....#___#


You could see a human (berserk, fast).

Vanquished Creatures
  A deep elf pyromancer (D)
  A water elemental (D)
  Crazy Yiuf (D)
  Jessica (D)
  A wizard (D)
  2 humans (D)
  A kobold demonologist (D)
  2 oozes (D)
  A rat (D)
11 creatures vanquished.

Notes
Turn   | Place    | Note
-------+----------+-------------------------------------------
     0 | D        | mhtbhm the Kobold Berserker began the quest for the Orb.
     0 | D        | Reached XP level 1. HP: 14/14 MP: 1/1
    12 | D        | Reached skill level 4 in Fighting
    18 | D        | Reached XP level 2. HP: 16/20 MP: 2/2
    83 | D        | Noticed Jessica
   102 | D        | Killed Jessica
   102 | D        | Reached ** piety under Trog
   103 | D        | Reached skill level 5 in Fighting
   103 | D        | Reached skill level 1 in Stealth
   103 | D        | Reached XP level 3. HP: 6/26 MP: 3/3
   360 | D        | Noticed Crazy Yiuf
   384 | D        | Reached XP level 4. HP: 24/32 MP: 4/4
   466 | D        | Killed Crazy Yiuf
   467 | D        | Reached skill level 6 in Fighting
   467 | D        | Reached skill level 5 in Maces & Flails
   704 | D        | Noticed a water elemental
   710 | D        | Killed a water elemental
   710 | D        | Reached *** piety under Trog
   711 | D        | Reached skill level 7 in Fighting
   711 | D        | Reached skill level 1 in Staves
   711 | D        | Reached skill level 5 in Dodging
   711 | D        | Reached XP level 5. HP: 19/38 MP: 5/5
   914 | D        | Found a radiant altar of Vehumet.
   914 | D        | Found a shimmering blue altar of Sif Muna.
   914 | D        | Found an ancient bone altar of Kikubaaqudgha.
   916 | D        | Noticed an ice devil
   918 | D        | Noticed a hellwing
   922 | D        | Reached **** piety under Trog
  1162 | D        | Found a glowing silver altar of Zin.
  1162 | D        | Found a glowing golden altar of the Shining One.
  1162 | D        | Found a white marble altar of Elyvilon.
  1163 | D        | Noticed a deep elf pyromancer
  1169 | D        | Killed a deep elf pyromancer
  1170 | D        | Reached skill level 10 in Fighting
  1170 | D        | Reached XP level 6. HP: 48/48 MP: 6/6
  1170 | D        | Reached XP level 7. HP: 52/52 MP: 7/7
  1209 | D        | Found a hide-covered altar of Uskayaw.
  1209 | D        | Found an iron altar of Okawaru.
  1210 | D        | Found a bloodstained altar of Trog.
  1210 | D        | Found an ornate altar of the Wu Jian Council.
  1210 | D        | Noticed a human
  1210 | D        | Noticed a human
  1223 | D        | HP: 1/78 [human/+0 dagger (15)]
  1224 | D        | Killed a human
  1224 | D        | Mangled by a human

Illustrated notes

Levels and vault maps discovered:
D:        dungeon_sprint_mu [sprint_mu_entry_cave, sprint_mu_temple_rooms,
          sprint_mu_d1_spiders, sprint_mu_d2_genie, sprint_mu_d3_branching,
          sprint_mu_orc_legion, sprint_mu_elf_gauntlet, sprint_mu_hive_nellie,
          sprint_mu_lair_fedhas, sprint_mu_vaults_butterflies,
          sprint_mu_slime_circle, sprint_mu_shoals_archi,
          sprint_mu_snake_twists, sprint_mu_blade_basic,
          sprint_mu_crypt_fortress, sprint_mu_tomb_spiral,
          sprint_mu_vestibule_basic, sprint_mu_gehenna_hellfire,
          sprint_mu_dis_giant, sprint_mu_tartarus_statrot,
          sprint_mu_cocytus_islands, sprint_mu_zot1]

Skill      XL: |  1  2  3  4  5 |
---------------+----------------+-----
Fighting       | 4 5 7 10 | 10.1
Maces & Flails | 3 4 6 8 |  8.9
Armour         | 2 3 |  3.5
Dodging        | 3 4 5 7 |  7.6
Stealth        | 1 2 4 |  4.7
Staves         | 1 4 |  4.5

Action                   |  1- 3 |  4- 6 |  7- 9 || total
-------------------------+-------+-------+-------++-------
Melee: Mace              |    35 |     5 |       ||    40
       Quarterstaff      |       |    15 |    13 ||    28
Invok: Berserk           |     1 |     4 |     1 ||     6
 Stab: Sleeping          |     1 |       |       ||     1
Armor: Animal skin       |     1 |     1 |       ||     2
Dodge: Dodged            |    28 |     6 |     7 ||    41

Table legend: (Time is in decaauts)
 A = Elapsed time spent in this place.
 B = Non-inter-level travel time spent in this place.
 C = Inter-level travel time spent in this place.
 D = Time resting spent in this place.
 E = Time spent auto-exploring this place.
 F = Levels seen in this place.
 G = Mean time per level.
                   A        B        C        D        E       F      G
               +--------+--------+--------+--------+--------+-----+--------+
         Total |   1275 |   1275 |      0 |   1017 |     59 |   1 | 1275.0 |
       Dungeon |   1275 |   1275 |      0 |   1017 |     59 |   1 | 1275.0 |
               +--------+--------+--------+--------+--------+-----+--------+

Top non-repeatable levels by time:
       D: 1275 daAuts
